 Dungeon Sprint DCSS version 0.18.1-6-gd335043 (webtiles) character file.

9100000 tix the Sabretooth (level 16, -26/100 HPs)
             Began as a Felid Fighter on May 18, 2016.
             Was a High Priest of Makhleb.
             Killed from afar by a wretched soul (91 damage)
             ... with a bolt of negative energy
             ... in the Dungeon (Sprint VIII: "Arena of Blood").
             The game lasted 00:01:38 (91 turns).

tix the Sabretooth (Felid Fighter)                    Turns: 91, Time: 00:01:38

Health: -26/100    AC:  3    Str: 12    XL:     16   Next: 22%
Magic:  40/40      EV: 41    Int: 11    God:    Makhleb [*****.]
Gold:   0          SH:  0    Dex: 21    Spells: 0 memorised, 53 levels left
                                        Lives:  0   Deaths: 2

rFire  . . .     SeeInvis +       - Unarmed
rCold  + . .     Gourm    .     (armour unavailable)
rNeg   . . .     Faith    .     (shield unavailable)
rPois  .         Spirit   .     (helmet unavailable)
rElec  .         Dismiss  .     (cloak unavailable)
rCorr  .         Reflect  .     (gloves unavailable)
SustAt .         Harm     .     (boots unavailable)
MR     ++...     NoTele   +     (no amulet)
Stlth  ++++++++++               (no ring)
                                i - +27000 ring of slaying

@: very slightly contaminated, drained, quick, very resistant to hostile
enchantments, uncannily stealthy
A: no armour, no weapons or thrown items, claws 1, fangs 3, see invisible,
carnivore 3, speed 1, shaggy fur 3, slow metabolism 1, sharp paws
a: Minor Destruction, Lesser Servant of Makhleb, Major Destruction, Greater
Servant of Makhleb, Renounce Religion


You were in the Dungeon.
You worshipped Makhleb.
Makhleb was extremely pleased with you.
You were not hungry.

You visited 1 branch

Inventory:

Jewellery
 e - an uncursed ring of protection from fire
 i - a +27000 ring of slaying (left paw)
Potions
 a - a potion of might
 c - a potion of curing
 d - a potion of heal wounds
 f - 2 potions of magic
 g - a potion of berserk rage
Comestibles
 b - a meat ration


   Skills:
 O Level 27(25.5) Fighting
 O Level 27(25.5) Dodging
 O Level 27(25.5) Stealth
 O Level 27(25.5) Unarmed Combat
 + Level 19.2(18.0) Spellcasting
 + Level 20.6(19.3) Invocations


You had 53 spell levels left.
You didn't know any spells.

Dungeon Overview and Level Annotations

Branches:
Dungeon (1/1)

Altars:
Makhleb

Annotations:
D The Servant


Innate Abilities, Weirdness & Mutations

You cannot wear armour.
You are incapable of wielding weapons or throwing items.
You have sharp claws.
You have razor-sharp teeth.
You have supernaturally acute eyesight.
You are carnivorous and can eat meat at any time.
You cover ground quickly.
Your thick and shaggy fur keeps you warm (AC +3, rC+).
You have a slow metabolism.
Your sharp claws are effective at attacking unaware monsters.


Message History

The destroyer blinks!
A meat beast comes into view.
You hear a shout! x6; You hear a trumpeting!
A meat berserker comes into view. It is wielding a +9 battleaxe.
An orc and a hill giant come into view.
You hear a shout! x3
The wretched soul appears out of thin air!
A wretched soul comes into view.
You hear a shout! x7
A destroyer comes into view.
It is wielding a +9 great sword of slicing.
You see here an uncursed ring of see invisible.
An orc, a hill giant and a vampire knight come into view.
The destroyer shouts!
You hear a shout! x3
The destroyer blinks!
You hear a shout! x3
The wretched soul completely misses you.
The wretched soul breathes negative energy at you.
The bolt of negative energy hits you!
You feel drained.
Ouch! That really hurt!
You die...

...........# ... #..o
.#.......V#o.. ..#.Loo o
C........#...###....#
CV##.#2..............#..
o.o........... .W.......
##..O.#.....####......ยง.
.........C....#.W.....##
.......OoO...@.....###
#....VW@=W.V.2..##
#################


You could see 2 meat beasts, The Servant, 4 destroyers, 3 large bags of meat, 2
wretched souls, 3 meat berserkers and 5 bags of meat.

Vanquished Creatures
  A vampire knight (D)
  2 ogres (D)
  9 orcs (D)
12 creatures vanquished.

Notes
Turn   | Place    | Note
--------------------------------------------------------------
     0 | D        | tix the Felid Fighter began the quest for the Orb.
     0 | D        | Reached XP level 1. HP: 10/10 MP: 2/2
     3 | D        | Noticed a bag of meat
     4 | D        | Noticed a bag of meat
     4 | D        | Noticed a bag of meat
     6 | D        | Became a worshipper of Makhleb the Destroyer
     8 | D        | Killed a bag of meat
     8 | D        | Reached XP level 2. HP: 24/24 MP: 3/3
     8 | D        | Reached XP level 3. HP: 28/28 MP: 4/4
     8 | D        | Reached XP level 4. HP: 32/32 MP: 5/5
     8 | D        | Reached XP level 5. HP: 36/36 MP: 6/6
     8 | D        | Gained mutation: You are covered in thick fur (AC +2). [Felid growth]
     8 | D        | Reached XP level 6. HP: 40/40 MP: 7/7
     8 | D        | Reached XP level 7. HP: 43/43 MP: 8/8
     8 | D        | Reached XP level 8. HP: 48/48 MP: 9/9
     8 | D        | Reached XP level 9. HP: 51/51 MP: 10/10
     8 | D        | Reached XP level 10. HP: 55/55 MP: 11/11
     8 | D        | Reached XP level 11. HP: 59/59 MP: 12/12
     9 | D        | Noticed a bag of meat
    11 | D        | Noticed a bag of meat
    11 | D        | Noticed a bag of meat
    11 | D        | Noticed a meat berserker
    12 | D        | Noticed a bag of meat
    12 | D        | Killed a bag of meat
    12 | D        | Reached * piety under Makhleb
    12 | D        | Reached skill level 15 in Fighting
    12 | D        | Gained mutation: Your thick and shaggy fur keeps you warm (AC +3, rC+). [Felid growth]
    12 | D        | Reached XP level 12. HP: 66/66 MP: 13/13
    13 | D        | Noticed a meat berserker
    14 | D        | Noticed a bag of meat
    14 | D        | Noticed a bag of meat
    14 | D        | Noticed a bag of meat
    14 | D        | Noticed a bag of meat
    14 | D        | Noticed a bag of meat
    14 | D        | Noticed a bag of meat
    15 | D        | Noticed a bag of meat
    15 | D        | Noticed a bag of meat
    15 | D        | Noticed a bag of meat
    16 | D        | Noticed a bag of meat
    16 | D        | Noticed a bag of meat
    16 | D        | Noticed a meat berserker
    17 | D        | Killed a bag of meat
    17 | D        | Reached skill level 1 in Stealth
    17 | D        | Reached XP level 13. HP: 72/72 MP: 14/14
    18 | D        | Noticed a bag of meat
    18 | D        | Killed a meat berserker
    18 | D        | Reached ** piety under Makhleb
    18 | D        | Reached skill level 27 in Unarmed Combat
    18 | D        | Reached XP level 14. HP: 81/81 MP: 15/15
    19 | D        | Noticed a bag of meat
    19 | D        | Noticed a bag of meat
    19 | D        | Killed a bag of meat
    19 | D        | Reached XP level 15. HP: 87/87 MP: 16/16
    20 | D        | Reached *** piety under Makhleb
    20 | D        | Reached skill level 27 in Dodging
    21 | D        | Killed a meat berserker
    21 | D        | Reached skill level 27 in Fighting
    21 | D        | Reached XP level 16. HP: 100/100 MP: 17/17
    22 | D        | Noticed a meat berserker
    23 | D        | Noticed a large bag of meat
    23 | D        | Reached **** piety under Makhleb
    23 | D        | Reached skill level 27 in Stealth
    25 | D        | Noticed a large bag of meat
    26 | D        | Reached skill level 10 in Invocations
    26 | D        | Reached XP level 17. HP: 64/104 MP: 17/31
    26 | D        | Mangled by a meat berserker
    27 | D        | Reached XP level 16. HP: -12/100 MP: 17/30
    27 | D        | Noticed a large bag of meat
    28 | D        | Noticed a large bag of meat
    28 | D        | Noticed a meat berserker
    29 | D        | Noticed a destroyer
    31 | D        | Noticed a large bag of meat
    31 | D        | Noticed a destroyer
    32 | D        | Noticed a destroyer
    33 | D        | Noticed a large bag of meat
    34 | D        | Noticed a destroyer
    49 | D        | Noticed a meat berserker
    50 | D        | Noticed a meat berserker
    50 | D        | Noticed a destroyer
    51 | D        | Noticed a meat berserker
    53 | D        | Noticed a meat berserker
    55 | D        | Noticed a meat berserker
    57 | D        | Noticed a large bag of meat
    58 | D        | Noticed a meat berserker
    58 | D        | Noticed a destroyer
    67 | D        | Killed a destroyer
    71 | D        | Noticed a sculptor of flesh
    72 | D        | Noticed a meat berserker
    72 | D        | Noticed a meat berserker
    73 | D        | Noticed a meat berserker
    74 | D        | Noticed a meat berserker
    74 | D        | Noticed a meat berserker
    75 | D        | Noticed a meat beast
    75 | D        | Noticed a meat berserker
    75 | D        | Noticed a large bag of meat
    75 | D        | Noticed a sculptor of flesh
    76 | D        | Reached ***** piety under Makhleb
    76 | D        | Reached XP level 17. HP: 104/104 MP: 31/41
    77 | D        | Noticed a meat berserker
    77 | D        | Noticed a meat berserker
    78 | D        | Noticed a meat beast
    80 | D        | Noticed a meat berserker
    80 | D        | Noticed an accursed
    80 | D        | Noticed a tyrant
    82 | D        | Mangled by a meat berserker
    82 | D        | Noticed a destroyer
    83 | D        | Reached XP level 16. HP: -7/100 MP: 32/40
    83 | D        | Noticed The Servant
    83 | D        | Noticed a tyrant
    83 | D        | Noticed a meat berserker
    83 | D        | Noticed a dread
    83 | D        | Noticed a meat berserker
    83 | D        | Noticed a wretched soul
    83 | D        | Noticed a destroyer
    84 | D        | Noticed a destroyer
    85 | D        | Noticed a large bag of meat
    87 | D        | Noticed a sculptor of flesh
    88 | D        | Noticed a meat berserker
    88 | D        | Noticed a meat beast
    89 | D        | Noticed a meat beast
    90 | D        | Noticed a meat berserker
    90 | D        | Noticed a large bag of meat
    91 | D        | Noticed a destroyer
    91 | D        | Noticed a wretched soul
    91 | D        | Noticed a large bag of meat
    91 | D        | Noticed a destroyer
    91 | D        | Killed from afar by a wretched soul

Skill      XL: |  1  2  3  4  5  6  7  8  9 10 11 12 13 14 15 16 |
---------------+-------------------------------------------------+-----
Fighting       | 13 15 17 20 22 27 | 27.0
Dodging        | 16 19 20 24 26 27 | 27.0
Unarmed Combat | 21 23 25 27 | 27.0
Stealth        | 1 4 6 20 27 | 27.0
Spellcasting   | 19 | 19.2
Invocations    | 20 | 20.6

Action                   |  1- 3 |  4- 6 |  7- 9 | 10-12 | 13-15 | 16-18 || total
-------------------------+-------+-------+-------+-------+-------+-------++-------
Melee: Unarmed           |     1 |       |       |     2 |     4 |     5 ||    12
  Use: Scroll            |       |       |       |       |       |     1 ||     1
       Potion            |       |       |       |       |       |     1 ||     1
Dodge: Dodged            |       |       |       |       |       |     6 ||     6
